 Dungeon Crawl Stone Soup version 0.31-a0-188-g5e087ee2ca (webtiles) character file.

Game seed: 6458839056032178052

205 qw the Skirmisher (level 5, -18/30 HPs)
             Began as a Deep Elf Hunter on June 23, 2023.
             Was an Initiate of Okawaru.
             Demolished by an ogre
             ... wielding a +0 giant spiked club
              (29 damage)
             ... on level 4 of the Dungeon.
             The game lasted 00:01:08 (2632 turns).

qw the Skirmisher (Deep Elf Hunter)                 Turns: 2632, Time: 00:01:09

Health: -18/30     AC:  8    Str: 10    XL:     5   Next: 53%
Magic:  7/7        EV: 11    Int: 14    God:    Okawaru [......]
Gold:   108        SH:  0    Dex: 18    Spells: 4/4 levels left

rFire   + . .        Y - +2 shortbow
rCold   . . .        (shield currently unavailable)
rNeg    . . .        g - +2 ring mail {rF+}
rPois   .            (no helmet)
rElec   .            (no cloak)
rCorr   .            b - +0 pair of gloves
SInv    .            (no boots)
Will    .....        (no amulet)
Stlth   +            (no ring)
HPRegen 0.25/turn    (no ring)
MPRegen 0.10/turn

%: no passive effects
@: no status effects
A: no striking features
a: Renounce Religion


You were on level 4 of the Dungeon.
You worshipped Okawaru.
Okawaru was noncommittal.
You visited 2 branches of the dungeon, and saw 5 of its levels.

You collected 108 gold pieces.


   Skills:
 + Level 1.8 Fighting
 - Level 9.0 Ranged Weapons
 - Level 2.4 Dodging
 - Level 1.2 Stealth


You had 4 spell levels left.
You didn't know any spells.
Your spell library was empty.

Inventory:

Hand Weapons
 Y - a +2 shortbow (weapon)
Armour
 b - a +0 pair of gloves (worn)
 g - a +2 ring mail of fire resistance (worn)
Scrolls
 a - 3 scrolls of teleportation
 h - a scroll of identify
Potions
 c - a potion of magic {unknown}
 d - a potion of cancellation {unknown}
 e - 4 potions of curing
 f - a potion of enlightenment {unknown}
 i - a potion of mutation {unknown}
 k - a potion of haste {unknown}

Dungeon Overview and Level Annotations

Branches:
Dungeon (4/15)             Temple (1/1) D:4

Altars:
Cheibriados
Dithmenos
Elyvilon
Gozag
Hepliaklqana
Kikubaaqudgha
Makhleb
Okawaru
Qazlal
Ru
Sif Muna
Trog
Uskayaw
Vehumet
Xom
Yredelemnul

Shops:
D:4 :


Message History

An endoplasm comes into view.
Enter note:
Enter note:
Enter note:
Enter note: You shoot an arrow.
The arrow hits the endoplasm.
The endoplasm quivers.
The endoplasm is lightly wounded.
You shoot an arrow. The arrow hits the endoplasm.
You kill the endoplasm!
Okawaru accepts your kill.
A giant cockroach comes into view.
Enter note:
Enter note:
Enter note:
Enter note: You shoot an arrow.
The arrow hits the giant cockroach.
You kill the giant cockroach!
Okawaru accepts your kill.
Found a leather armour.
An ogre comes into view. It is wielding a +0 giant spiked club.
Enter note:
Enter note:
Enter note:
Enter note: You shoot an arrow.
The arrow hits the ogre!
The ogre shouts!
The ogre is moderately wounded.
You shoot an arrow.
The arrow hits the ogre but does no damage.
The ogre is moderately wounded.
A goblin comes into view. It is wielding a +0 dagger.
You shoot an arrow. The arrow hits the ogre.
The ogre is heavily wounded.
The ogre hits you with a +0 giant spiked club!!
Ouch! That really hurt!
You shoot an arrow. The arrow barely misses the ogre.
The ogre hits you with a +0 giant spiked club!!
Ouch! That really hurt!
You die...

#..........# ### #.......... #.#
.....g... ###.# .....[. ####...#
. ..... ##....#.# .. ...
#..####.# .. #O######...# #.# ..
#@##.....#.###.# .# .
#.##.####...###### .# ..
###.#..##~~...~~#..# .####.#
##..%..###~..7..~#..#
%<....#######..#.####...........#
%......................7._.7..<.#
.......#########.#..>..(........#
.####### #.##..#~..7..~#..# .#
###.#..##~~...~~#..#


You could see an ogre and a goblin.

Vanquished Creatures
  A hound (D:4)
  An iguana (D:4)
  An orc wizard (D:3)
  6 adders
  A worm (D:3)
  A dart slug (D:3)
  4 orcs (D:3)
  4 ball pythons
  5 bats
  6 endoplasms
  3 giant cockroaches
  4 goblins
  10 hobgoblins
  6 quokkas
  3 frilled lizards
  5 kobolds
  3 rats
64 creatures vanquished.

Notes
Turn   | Place    | Note
-------+----------+-------------------------------------------
     0 | D:1      | qw the Deep Elf Hunter began the quest for the Orb.
     0 | D:1      | Reached XP level 1. HP: 12/12 MP: 3/3
     0 | D:1      | 0 ||| qw: Version: 0.3-a-9-g12657ce
     0 | D:1      | 0 ||| qw: Game counter: 3586
     0 | D:1      | 0 ||| qw: Always use a shield: true
     0 | D:1      | 0 ||| qw: God list: Okawaru
     0 | D:1      | 0 ||| qw: Allow faded altars: false
     0 | D:1      | 0 ||| qw: Do Orc after D:15 true
     0 | D:1      | 0 ||| qw: Do second Lair branch before Depths: true
     0 | D:1      | 0 ||| qw: Lair rune preference: random
     0 | D:1      | 0 ||| qw: Plans: Normal
     0 | D:1      | 0 ||| PLANNING D:1-11
    15 | D:1      | Found a faded altar of an unknown god.
   246 | D:1      | Reached XP level 2. HP: 16/16 MP: 4/4
   251 | D:1      | Reached skill level 6 in Ranged Weapons
   674 | D:1      | 674 ||| DROPPING +6 ring of intelligence.
   675 | D:1      | 675 ||| READING scroll labelled SOIFYP TUHE.
   676 | D:1      | 676 ||| READING scroll labelled YLIYCEO DICU.
   677 | D:1      | 677 ||| READING scroll labelled PEYKLA UMNOIPE.
   681 | D:1      | 681 ||| DRINKING 2 golden potions.
   682 | D:1      | 682 ||| DROPPING scroll of butterflies.
   898 | D:2      | Reached XP level 3. HP: 20/20 MP: 5/5
   907 | D:2      | Found a stormy altar of Qazlal.
   963 | D:2      | Reached skill level 7 in Ranged Weapons
  1275 | D:2      | 1275 ||| UPGRADING to +0 pair of gloves.
  1280 | D:2      | 1280 ||| UPGRADING to +2 ring mail of fire resistance.
  1290 | D:2      | 1290 ||| DROPPING +0 leather armour.
  1291 | D:2      | 1291 ||| READING scroll labelled LAHOSE ETHRA.
  1292 | D:2      | 1292 ||| READING scroll labelled CYHAVA TEMP.
  1293 | D:2      | 1293 ||| READING scroll labelled YBUOMA GIOREDGH.
  1294 | D:2      | 1294 ||| DRINKING 2 amethyst potions.
  1299 | D:2      | 1299 ||| STAIRDANCE
  1401 | D:1      | 1401 ||| DROPPING potion of berserk rage.
  1474 | D:3      | Reached XP level 4. HP: 23/25 MP: 6/6
  1784 | D:3      | Reached skill level 8 in Ranged Weapons
  1804 | D:3      | Found a shimmering altar of Xom.
  1982 | D:3      | Found a snail-covered altar of Cheibriados.
  2127 | D:3      | 2127 ||| READING scroll labelled WATZAO RESOMAU.
  2172 | D:3      | 2172 ||| READING 2 scrolls labelled XEDURUO JUMMU.
  2173 | D:3      | 2173 ||| DROPPING scroll of poison.
  2175 | D:3      | 2175 ||| Stepping ~*~*~tactically~*~*~ (cloud).
  2293 | D:4      | Reached XP level 5. HP: 29/29 MP: 7/7
  2322 | D:4      | Found a staircase to the Ecumenical Temple.
  2323 | D:4      | 2323 ||| PLANNING TEMPLE
  2323 | D:4      | 2323 ||| READING scroll labelled PEEPPO XOSHRAUS.
  2324 | D:4      | 2324 ||| READING 2 scrolls of identify.
  2324 | D:4      | 2324 ||| IDENTIFYING sapphire potion
  2325 | D:4      | 2325 ||| DROPPING potion of attraction.
  2339 | Temple   | Entered the Ecumenical Temple
  2345 | Temple   | 2345 ||| PLANNING OKAWARU WORSHIP
  2387 | Temple   | Became a worshipper of Warmaster Okawaru
  2388 | Temple   | 2388 ||| PLANNING D:1-11
  2418 | D:4      | Reached skill level 9 in Ranged Weapons
  2421 | D:4      | Noticed a walking crystal tome
  2423 | D:4      | Found Wodasm's Book Shop.
  2435 | D:4      | Noticed a walking earthen tome
  2557 | D:4      | Found a white marble altar of Elyvilon.
  2583 | D:4      | 2583 ||| READING scroll of enchant weapon.
  2583 | D:4      | 2583 ||| ENCHANTING +1 shortbow.
  2628 | D:4      | Noticed an ogre
  2632 | D:4      | Demolished by an ogre

Levels and vault maps discovered:
D:1:      dpeg_arrival_round_a, layout_basic,
          hellmonk_ecumenical_altar_pennies_from_heaven
D:2:      layout_basic, basic_altar
D:3:      layout_basic, mainiacjoe_overflow_concentric_impassable,
          mainiacjoe_overflow_six_doors_small
D:4:      layout_rooms, elyvilon_altar_4, lemuel_coloured_pillars_altar,
          minmay_temple_entry_mist, serial_shops, nicolae_shop_mannequins
Temple:   nicolae_temple_ecumenical_triangle

Skill      XL: |  1  2  3  4  5 |
---------------+----------------+-----
Ranged Weapons | 6 7 8 9 |  9.0
Fighting       | |  1.8
Dodging        | |  2.4
Stealth        | |  1.2

Action                     |  1- 3 |  4- 6 || total
---------------------------+-------+-------++-------
   Fire: Shortbow          |   102 |   106 ||   208
    Use: Scroll            |     6 |     5 ||    11
         Potion            |     2 |       ||     2
 Armour: Leather armour    |     5 |       ||     5
         Ring mail         |    12 |    23 ||    35
  Dodge: Dodged            |    25 |    15 ||    40

Table legend:
 A = Non-vault XP
 B = Vault XP
 C = Vault XP percentage of total XP
 D = Non-vault monster count
 E = Vault monster count
 F = Vault count percentage of total count
                 A         B        C        D         E       F
            +---------+---------+-------+---------+---------+-------
      Total |     292 |       2 |   0.7 |      63 |       1 |   1.6
            +---------+---------+-------+---------+---------+-------
        D:1 |      19 |       0 |   0.0 |      10 |       0 |   0.0
        D:2 |      60 |       0 |   0.0 |      16 |       0 |   0.0
        D:3 |     103 |       0 |   0.0 |      24 |       0 |   0.0
        D:4 |     110 |       2 |   1.8 |      13 |       1 |   7.1
            +---------+---------+-------+---------+---------+-------
